 Dungeon Crawl Stone Soup version 0.30-a0-737-gf23d94013f (webtiles) character file.

Game seed: 6488951697219206726

15810 Dittersdorf the Protected (level 12, -5/80 HPs)
             Began as a Gargoyle Fighter on Feb 1, 2023.
             Was a High Priest of Okawaru.
             Slain by a killer bee (11 damage)
             ... on level 1 of the Lair of Beasts.
             The game lasted 00:20:05 (12883 turns).

Dittersdorf the Protected (Gargoyle Fighter)       Turns: 12883, Time: 00:20:06

Health: -5/80      AC: 32    Str: 31    XL:     12   Next: 30%
Magic:  11/12      EV: 14    Int:  7    God:    Okawaru [*****.]
Gold:   768        SH: 13    Dex:  9    Spells: 11/11 levels left

rFire   . . .      SeeInvis .    B - +3 whip "Sixiesul" {drain, Str+6 Int-2}
rCold   . . .      Faith    .    b - +0 kite shield
rNeg    + . .      Spirit   .    o - +0 plate armour
rPois   ∞          Reflect  .    g - +2 hat
rElec   +          Harm     .    (no cloak)
rCorr   .          Rampage  .    (no gloves)
Will    .....                    (no boots) Stlth
                                 (no amulet)
HPRegen 0.33/turn                r - +5 ring of evasion
MPRegen 0.13/turn                A - +4 ring of protection

@: heroic
A: sickness immunity, AC +8, negative energy resistance 1, electricity
resistance, torment resistance 1, petrification resistance
a: Renounce Religion, Heroism, Finesse, Duel


You were on level 1 of the Lair of Beasts.
You worshipped Okawaru.
Okawaru was extremely pleased with you.
You visited 3 branches of the dungeon, and saw 12 of its levels.
You also visited: Sewer.

You collected 768 gold pieces.

Inventory:

Hand Weapons
 w - a +1 morningstar of freezing
 B - the +3 whip "Sixiesul" (weapon) {drain, Str+6 Int-2}
   (You found it on level 1 of the Lair of Beasts)

   Str:       It affects your strength (+6).
   Int:       It affects your intelligence (-2).
Missiles
 a - a throwing net
 h - 6 curare-tipped darts (quivered)
Armour
 b - a +0 kite shield (worn)
 g - a +2 hat (worn)
 o - a +0 plate armour (worn)
Jewellery
 r - a +5 ring of evasion (left hand)
 A - a +4 ring of protection (right hand)
Wands
 i - a wand of digging (8)
 y - a wand of roots (1)
Scrolls
 l - 2 scrolls of blinking
 t - 2 scrolls of enchant armour
 u - 3 scrolls of enchant weapon
 v - 2 scrolls of poison
Potions
 c - 3 potions of ambrosia
 d - 4 potions of might
 e - 2 potions of heal wounds
 f - 3 potions of haste
 j - 2 potions of mutation {unknown}
 k - a potion of invisibility
 m - 2 potions of curing
 n - 2 potions of brilliance
 q - 4 potions of flight
 s - 3 potions of attraction {unknown}
 z - a potion of magic
Miscellaneous
 x - a piece from Xom's chessboard (15/15)


   Skills:
 + Level 11.4(16.4) Fighting
 + Level 10.2(15.2) Maces & Flails
 + Level 11.4(16.4) Armour
 + Level 11.4(16.4) Shields


You had 11 spell levels left.
You didn't know any spells.
Your spell library contained the following spells:

 Spells                   Type           Power      Damage    Failure   Level
 Apportation              Tloc           0%         N/A       98%         1
 Necrotise                Necr           0%         1d4       98%         1
 Ensorcelled Hibernation  Hex/Ice        0%         N/A       99%         2
 Searing Ray              Conj           0%         2d4       99%         2
 Alistair's Intoxication  Tmut/Pois      0%         N/A       100%        5
 Summon Small Mammal      Summ           Unusable   N/A       N/A         1
 Cigotuvi's Dreadful Rot  Necr/Pois/Air  Unusable   N/A       N/A         2

Dungeon Overview and Level Annotations

Branches:
Dungeon (10/15)            Temple (1/1) D:5            Lair (1/5) D:10
    Orc (0/2) D:9           Sewer (visited)

Altars:
Ashenzari
Cheibriados
Dithmenos
Elyvilon
Fedhas
Gozag
Hepliaklqana
Kikubaaqudgha
Makhleb
Nemelex Xobeh
Okawaru
Qazlal
Ru
Sif Muna
Trog
Uskayaw
Vehumet
Wu Jian
Xom
Yredelemnul
Zin
The Shining One

Shops:
D:4 (   D:8 (   D:9 *

Annotations:
Lair:1 exclusion: oklob plant


Innate Abilities, Weirdness & Mutations

You are immune to sickness and miasma.
Your stone body is resilient. (AC +8)
You are immune to poison.
You resist negative energy. (rN+)
You are resistant to electric shocks. (rElec)
You are resistant to unholy torment.
You are immune to petrification.


Message History

The killer bee stings you but does no damage.
You block the killer bee's attack. The killer bee closely misses you. x2
The queen bee stings you. The killer bee closely misses you.
You whack the queen bee!
The queen bee is severely wounded.
You block the killer bee's attack.
The killer bee stings you but does no damage.
You block the killer bee's attack. x2; The killer bee closely misses you.
The killer bee stings you.
You whack the queen bee!
You kill the queen bee!
Okawaru accepts your kill. The killer bee completely misses you.
You block the killer bee's attack. x2
The killer bee barely misses you. The killer bee closely misses you.
You block the killer bee's attack.
The killer bee rages.
You hear an angry buzzing noise.
The killer bee barely misses you. You block the killer bee's attack.
The killer bee stings you!
* * * LOW HITPOINT WARNING * * *
The killer bee stings you!
* * * LOW HITPOINT WARNING * * *
The killer bee attacks as you move away!
The killer bee stings you but does no damage.
You hear an angry buzzing noise.
The killer bee rages.
You block the killer bee's attack.
The killer bee stings you but does no damage.
The killer bee completely misses you. x2
The killer bee attacks as you move away!
The killer bee closely misses you. You block the killer bee's attack.
The killer bee barely misses you. The killer bee stings you!
* * * LOW HITPOINT WARNING * * *
You block the killer bee's attack.
The killer bee rages. x2
You block the killer bee's attack. The killer bee misses you.
You block the killer bee's attack.
The killer bee attacks as you move away!
You block the killer bee's attack. The killer bee stings you!
You die...

**P*******P####..#P#.#####****,**
,,,,,,,,,,................,,,,,,,
,,,,,,,,,,.................,,,,,,
*,,[,,,yy,......†..........,,,,,,
*,,y*****,..#.##.#.........,,,,,,
*yy,* ****#**###.........,,,,,,
*,yy* ##.####yy.......,,,,,,
*yyy*******#.....y.........,,,,,,
*,y,*,,,†,,#....@y.........,,,,,,
*,,,*††,,†,#...............,,,,,,
*,,,*,,,,,†##.#####........,,,,,,
*,,,*,†,,††#.,* #........,,,,,,
*...#,,,,,..,,* #........,,,,,,
#...#****##**,* #..............
#...# *** #.............. #...#
#.............. #...##### ###
##..............


You could see 4 killer bees.

Vanquished Creatures
  Gastronok (D:10)
  Fannar (Lair:1)
  Erica (D:9)
  A boulder beetle (Lair:1)
  5 two-headed ogres
  Pikel (D:9)
  Maggie (D:8)
  2 cane toads (Lair:1)
  A komodo dragon (Lair:1)
  2 kobold demonologists (D:9)
  A queen bee (Lair:1)
  2 trolls
  A hornet (D:10)
  2 polar bears (Lair:1)
  Grinder (D:6)
  A wraith (D:10)
  A vampire (D:10)
  A steam dragon (Lair:1)
  8 yaks
  A water moccasin (D:7)
  A black bear (D:4)
  4 orc warriors
  An ice beast (D:7)
  Pargi (Sewer)
  5 wolves (Lair:1)
  2 centaurs
  A kobold brigand (D:8)
  2 scorpions
  A gnoll sergeant (D:7)
  5 bullfrogs
  3 necrophages
  8 wights (D:7)
  23 killer bees
  6 electric eels (D:5)
  3 howler monkeys
  A gnoll bouda (D:7)
  4 jellies
  4 orc priests
  An iron imp (D:3)
  4 iguanas
  Natasha (thrice) (D:3)
  10 orc wizards
  9 adders
  15 gnolls
  3 white imps
  An ufetubus (D:5)
  3 worms
  3 dart slugs
  58 orcs
  5 bats
  4 endoplasms
  3 giant cockroaches
  5 goblins
  8 hobgoblins
  10 jackals
  5 quokkas
  6 ball pythons
  10 frilled lizards
  13 kobolds
  7 rats
296 creatures vanquished.

Vanquished Creatures (others)
  2 fungi (Lair:1)
  9 plants
11 creatures vanquished.

Grand Total: 307 creatures vanquished

Notes
Turn   | Place    | Note
-------+----------+-------------------------------------------
     0 | D:1      | Dittersdorf the Gargoyle Fighter began the quest for the
                  | Orb.
     0 | D:1      | Reached XP level 1. HP: 14/14 MP: 1/1
   203 | D:1      | Reached XP level 2. HP: 19/19 MP: 2/2
   564 | D:1      | Reached XP level 3. HP: 23/23 MP: 3/3
  1225 | D:2      | Reached XP level 4. HP: 29/29 MP: 4/4
  1409 | D:3      | Found a snail-covered altar of Cheibriados.
  1648 | D:3      | Reached XP level 5. HP: 33/33 MP: 5/5
  1804 | D:3      | Identified the +5 dagger "Kiociam" {heavy, rC+ Dex+4
                  | Stlth+}
  2408 | D:3      | Noticed Natasha
  2426 | D:3      | Killed Natasha
  2437 | D:3      | Noticed Natasha
  2456 | D:3      | Killed Natasha
  2564 | D:3      | Noticed Natasha
  2574 | D:3      | Killed Natasha
  2729 | D:4      | Reached XP level 6. HP: 34/39 MP: 6/6
  2773 | D:4      | Found a glowing drain.
  2798 | D:4      | Found an ornate altar of the Wu Jian Council.
  2798 | D:4      | Found a sparkling altar of Nemelex Xobeh.
  2834 | D:4      | Found an iron altar of Okawaru.
  2863 | Sewer    | Entered a sewer
  2959 | Sewer    | Noticed Pargi
  2983 | Sewer    | Killed Pargi
  2984 | Sewer    | Reached skill level 5 in Fighting
  2984 | Sewer    | Reached skill level 5 in Armour
  2984 | Sewer    | Reached skill level 5 in Shields
  3097 | Sewer    | Reached XP level 7. HP: 44/44 MP: 7/7
  3518 | D:4      | Found Weoqao's Antique Weapon Emporium.
  3697 | D:5      | Entered Level 5 of the Dungeon
  3895 | D:5      | Reached XP level 8. HP: 18/51 MP: 8/8
  4470 | D:5      | Found a staircase to the Ecumenical Temple.
  4485 | Temple   | Entered the Ecumenical Temple
  4485 | Temple   | Found a transporter.
  4485 | Temple   | Found a transporter.
  4487 | Temple   | Found a transporter.
  4487 | Temple   | Found a transporter.
  4719 | D:5      | Reached skill level 5 in Maces & Flails
  5359 | D:4      | Became a worshipper of Warmaster Okawaru
  5416 | D:6      | Identified the +1 ring mail of Pandemonium {-Tele rF+
                  | Will+++ Int+3}
  5643 | D:6      | Noticed Grinder
  5657 | D:6      | Killed Grinder
  5658 | D:6      | Reached XP level 9. HP: 46/56 MP: 9/9
  5747 | D:6      | Found a hide-covered altar of Uskayaw.
  5987 | D:7      | Reached * piety under Okawaru
  5991 | D:7      | Noticed a troll
  6157 | D:6      | Killed a troll
  6656 | D:7      | Reached ** piety under Okawaru
  7101 | D:7      | Reached XP level 10. HP: 58/64 MP: 10/10
  7321 | D:8      | Noticed Maggie
  7334 | D:8      | Killed Maggie
  7594 | D:8      | Reached *** piety under Okawaru
  7816 | D:8      | Found Cixuxas's Antique Weapon Emporium.
  8061 | D:8      | Noticed a two-headed ogre
  8070 | D:8      | Killed a two-headed ogre
  8163 | D:9      | Noticed Pikel
  8219 | D:9      | Reached **** piety under Okawaru
  8246 | D:9      | Killed Pikel
  8412 | D:9      | Found a staircase to the Orcish Mines.
  8538 | D:9      | Noticed a two-headed ogre
  8543 | D:9      | Killed a two-headed ogre
  8583 | D:9      | Reached XP level 11. HP: 69/72 MP: 11/11
  8700 | D:9      | Noticed a soul eater
  9104 | D:9      | Noticed Erica
  9144 | D:9      | HP: 3/72 [something (3)]
  9157 | D:9      | Killed Erica
  9158 | D:9      | Reached skill level 10 in Fighting
  9158 | D:9      | Reached skill level 10 in Armour
  9158 | D:9      | Reached skill level 10 in Shields
  9411 | D:9      | Found an opulent altar of Gozag.
  9451 | D:9      | Found Kemunlid's Overcharged Wands.
  9546 | D:9      | Got Leutur's Performing Successful Gnosis
  9666 | D:10     | Entered Level 10 of the Dungeon
  9666 | D:10     | Found a blossoming altar of Fedhas.
  9789 | D:10     | Noticed a two-headed ogre
  9793 | D:10     | Killed a two-headed ogre
  9935 | D:10     | Noticed a two-headed ogre
  9948 | D:10     | Killed a two-headed ogre
  9975 | D:10     | Noticed a two-headed ogre
  9984 | D:10     | Killed a two-headed ogre
  9984 | D:10     | Reached ***** piety under Okawaru
  9984 | D:10     | Received a gift from Okawaru
 10456 | D:10     | Noticed Gastronok
 10482 | D:10     | Killed Gastronok
 10482 | D:10     | Received a gift from Okawaru
 10712 | D:10     | Found a staircase to the Lair.
 10826 | Lair:1   | Entered Level 1 of the Lair of Beasts
 10827 | Lair:1   | Identified the +3 whip "Sixiesul" {drain, Str+6 Int-2}
 10841 | Lair:1   | Found a sacrificial altar of Ru.
 10844 | Lair:1   | Noticed an oklob plant
 11227 | Lair:1   | Noticed Fannar
 11255 | Lair:1   | Killed Fannar
 11256 | Lair:1   | Reached XP level 12. HP: 39/80 MP: 8/12
 11430 | Lair:1   | Received a gift from Okawaru
 11532 | Lair:1   | Noticed a boulder beetle
 11547 | Lair:1   | Killed a boulder beetle
 11692 | Lair:1   | Reached skill level 10 in Maces & Flails
 12014 | Lair:1   | HP: 3/80 [killer bee (3)]
 12883 | Lair:1   | Slain by a killer bee

Illustrated notes

Levels and vault maps discovered:
D:1:      matt_arrival_grand_opening, layout_loops_cross, minmay_box_of_dots
D:2:      wad_lake_hut, layout_basic
D:3:      layout_basic, slow_altar_1, serial_corexii_hall,
          chequers_hall_statues_y, chequers_hall_statues_wall_a, uniq_natasha
D:4:      layout_cave_pools, nicolae_overflow_hidden_temple, serial_shops,
          nicolae_stop_n_shop_2, gup_sewer_entry_glass
D:5:      cheibrodos_two_vegetables, layout_loops_ring,
          minmay_temple_entry_butterflies
D:6:      layout_cave_pools, nicolae_uskayaw_dance_hall, uniq_grinder
D:7:      layout_basic
D:8:      layout_loops_cross, serial_shops, shop, uniq_maggie
D:9:      layout_gridville, mainiacjoe_overflow_six_doors_small,
          hiddenorc2_lemuel, nicolae_shop_overcharged_wands, uniq_pikel,
          uniq_erica
D:10:     layout_basic, fedhas_altar_1, lair_entry_dummy, uniq_gastronok
Temple:   hellmonk_temple_divided_pantheon
Lair:1:   layout_long_grid, special_room [special_room_bee], lemuel_oklob_altar,
          grunt_megastairs_2, uniq_fannar

Skill      XL: |  1  2  3  4  5  6  7  8  9 10 11 12 |
---------------+-------------------------------------+-----
Fighting       | 4 5 6 8 9 11 | 11.4
Armour         | 4 5 7 8 9 11 | 11.4
Shields        | 4 5 6 8 9 11 | 11.4
Maces & Flails | 3 4 5 7 8 9 10 | 10.2

Action                     |  1- 3 |  4- 6 |  7- 9 | 10-12 || total
---------------------------+-------+-------+-------+-------++-------
  Melee: Flail             |   154 |   201 |   203 |       ||   558
         Morningstar       |       |       |   223 |   374 ||   597
         Whip              |       |       |       |   297 ||   297
  Throw: Dart              |       |     5 |     3 |     7 ||    15
 Invoke: Heroism           |       |       |       |     8 ||     8
    Use: Scroll            |       |    12 |     3 |    11 ||    26
         Potion            |       |       |       |     8 ||     8
 Armour: Scale mail        |   103 |    95 |    53 |       ||   251
         Plate armour      |       |       |   164 |   480 ||   644
  Dodge: Dodged            |   101 |   146 |   232 |   517 ||   996
  Block: Buckler           |    35 |    51 |    96 |       ||   182
         Kite shield       |       |       |    91 |   539 ||   630

Table legend: (Time is in decaauts)
 A = Elapsed time spent in this place.
 B = Non-inter-level travel time spent in this place.
 C = Inter-level travel time spent in this place.
 D = Time resting spent in this place.
 E = Time spent auto-exploring this place.
 F = Levels seen in this place.
 G = Mean time per level.
                   A        B        C        D        E       F      G
               +--------+--------+--------+--------+--------+-----+--------+
         Total |  13226 |  12772 |    454 |   2385 |   7356 |  13 | 1017.4 |
       Dungeon |  10890 |  10436 |    454 |   1777 |   6139 |  10 | 1089.0 |
        Temple |     33 |     33 |      0 |      0 |      6 |   1 |   33.0 |
          Lair |   1980 |   1980 |      0 |    527 |   1094 |   1 | 1980.0 |
         Sewer |    321 |    321 |      0 |     81 |    116 |   1 |  321.0 |
               +--------+--------+--------+--------+--------+-----+--------+

Top non-repeatable levels by time:
  Lair:1: 1980 daAuts
     D:5: 1735 daAuts
     D:9: 1367 daAuts
     D:3: 1352 daAuts
     D:7: 1252 daAuts
    D:10: 1201 daAuts
     D:8: 1055 daAuts
     D:4: 777 daAuts
     D:1: 775 daAuts
     D:2: 708 daAuts
     D:6: 663 daAuts
   Sewer: 321 daAuts
  Temple: 33 daAuts
